 Dungeon Crawl Stone Soup version 0.19.5 (webtiles) character file.

2664 tidbits the Archer (level 9, -1/62 HPs)
             Began as a High Elf Wanderer on Aug 24, 2017.
             Was an Initiate of Makhleb.
             Slain by a wraith (9 damage)
             ... on level 10 of the Dungeon.
             The game lasted 00:33:18 (2956 turns).

tidbits the Archer (High Elf Wanderer)              Turns: 2956, Time: 00:33:21

Health: -1/62      AC:  5    Str: 13    XL:     9   Next: 36%
Magic:  19/19      EV: 15    Int: 21    God:    Makhleb [......]
Gold:   297        SH:  0    Dex: 16    Spells: 0 memorised, 8 levels left

rFire  . . .     SeeInvis .     a - +0 long sword
rCold  + . .     Gourm    .     B - +1 leather armour {rC+}
rNeg   + . .     Faith    .     (no shield)
rPois  .         Spirit   .     (no helmet)
rElec  .         Reflect  .     C - +0 cloak
rCorr  .         Harm     .     (no gloves)
MR     .....                    (no boots)
Stlth  ++........               K - amulet of rage
                                H - ring of positive energy
                                j - ring of magical power

@: very slightly contaminated, hasted and slowed
A: agile 1, clever 1, regeneration 1, evolution 1
a: Renounce Religion, Evoke Berserk Rage


You were on level 10 of the Dungeon.
You worshipped Makhleb.
Makhleb was noncommittal.
You were not hungry.

You visited 2 branches of the dungeon, and saw 11 of its levels.

You collected 297 gold pieces.

Inventory:

Hand Weapons
 a - a +0 long sword (weapon)
   (You found it on level 8 of the Dungeon)
 b - a +0 shortbow
   (You took it off a centaur on level 8 of the Dungeon)
 c - a +0 short sword
 d - a +2 dagger of draining
   (You took it off a kobold on level 1 of the Dungeon)
Missiles
 g - 7 tomahawks of returning (quivered)
 h - 136 arrows
 s - 42 bolts
 v - 10 javelins
Armour
 l - a +0 ring mail
   (You took it off a goblin on level 1 of the Dungeon)
 B - a +1 leather armour of cold resistance (worn)
   (You found it on level 1 of the Dungeon)
 C - a +0 cloak (worn)
   (You found it on level 8 of the Dungeon)
Jewellery
 j - a ring of magical power (left hand)
   (You found it on level 1 of the Dungeon)
 u - an uncursed ring of flight
   (You found it on level 6 of the Dungeon)
 H - a ring of positive energy (right hand)
   (You found it on level 6 of the Dungeon)
 K - an amulet of rage (around neck)
   (You found it on level 9 of the Dungeon)
Wands
 o - a wand of hasting (3/9)
   (You found it on level 3 of the Dungeon)
 t - a wand of lightning (3/15)
   (You found it on level 4 of the Dungeon)
 A - a wand of polymorph (7/24)
   (You found it on level 8 of the Dungeon)
 D - a wand of lightning (9/15)
   (You found it on level 8 of the Dungeon)
 G - a wand of confusion (26/48)
   (You found it on level 6 of the Dungeon)
Scrolls
 e - 2 scrolls of enchant weapon {unknown}
 p - a scroll of blinking {unknown}
 r - 2 scrolls of remove curse
 w - a scroll of fear {unknown}
 x - a scroll of holy word {unknown}
 J - a scroll of enchant armour {unknown}
Potions
 k - 2 potions of haste
 m - a potion of resistance {unknown}
 n - 2 potions of magic {unknown}
 q - a potion of berserk rage {unknown}
 z - 2 potions of flight {unknown}
 F - 2 potions of brilliance {unknown}
 I - a potion of lignification
Comestibles
 f - 5 bread rations
 i - 2 meat rations
 y - 5 fruits
 L - 4 chunks of flesh


   Skills:
 - Level 6.0 Fighting
 - Level 2.4(6.2) Short Blades
 + Level 9.1(9.3) Long Blades
 - Level 9.1 Bows
 - Level 2.6 Armour
 - Level 5.0 Dodging
 - Level 3.2 Stealth


You had 8 spell levels left.
You didn't know any spells.

Dungeon Overview and Level Annotations

Branches:
Dungeon (10/15)            Temple (1/1) D:5
   Lair: D:8-11         Orc: D:9-12

Altars:
Ashenzari
Cheibriados
Elyvilon
Fedhas
Hepliaklqana
Kikubaaqudgha
Makhleb
Nemelex Xobeh
Okawaru
Ru
Sif Muna
Trog
Uskayaw
Vehumet
Zin
The Shining One

Shops:
D:6 }


Innate Abilities, Weirdness & Mutations

You are agile. (Dex +2)
Your mind is acute. (Int +2)
Your natural rate of healing is unusually fast.
You evolve.


Message History

You shoot an arrow. The arrow closely misses the wraith.
Firing (i - inventory. (,) - cycle):
h - 139 arrows (quivered)
Press: ? - help, Shift-Dir - straight line, f/p - wraith
Aim: a wraith You shoot an arrow.
The arrow hits the wraith but does no damage.
Found 22 sling bullets.
Firing (i - inventory. (,) - cycle):
h - 138 arrows (quivered)
Press: ? - help, Shift-Dir - straight line, f/p - wraith
Aim: a wraith You shoot an arrow.
The arrow hits the wraith but does no damage.
Firing (i - inventory. (,) - cycle):
h - 137 arrows (quivered)
Press: ? - help, Shift-Dir - straight line, f/p - wraith
Aim: a wraith You shoot an arrow.
The arrow hits the wraith but does no damage.
a - a +0 long sword (weapon)
You closely miss the wraith. The wraith hits you.
The wraith drains your vigour!
You feel yourself slow down.
Evoke which item? (* to show all) (? for menu, Esc to quit)
Zapping:
o - a wand of hasting (4/9)
Press: ? - help, Shift-Dir - straight line, f - you, p - wraith You feel yourself speed up.
You are very lightly contaminated with residual magic.
This wand has 3 charges left.
The wraith hits you!
You hit the wraith.
The wraith is lightly damaged.
The wraith barely misses you.
You hit the wraith.
The wraith is lightly damaged.
The wraith barely misses you.
You riposte.
You completely miss the wraith.
The wraith is lightly damaged.
You hit the wraith but do no damage.
The wraith is lightly damaged.
The wraith misses you.
You riposte.
You hit the wraith.
The wraith is moderately damaged.
You closely miss the wraith.
The wraith is moderately damaged.
The wraith hits you! The wraith drains your vigour!
You feel as though you will be slow longer.
You hit the wraith.
The wraith is heavily damaged.
The wraith hits you.
You hit the wraith.
The wraith is heavily damaged.
The wraith hits you!
* * * LOW HITPOINT WARNING * * *
The wraith drains your vigour!
You feel as though you will be slow longer.
You hit the wraith.
The wraith is heavily damaged.
The wraith barely misses you.
You riposte.
You hit the wraith but do no damage.
The wraith is heavily damaged.
You hit the wraith but do no damage.
The wraith is heavily damaged.
The wraith hits you but does no damage.
You closely miss the wraith.
The wraith is heavily damaged.
The wraith hits you!
* * * LOW HITPOINT WARNING * * *
The wraith drains your vigour!
You feel as though you will be slow longer.
You hit the wraith.
The wraith is severely damaged.
The wraith misses you.
You feel better. The wraith hits you.
* * * LOW HITPOINT WARNING * * *
You completely miss the wraith.
The wraith is severely damaged.
The wraith hits you!
* * * LOW HITPOINT WARNING * * *
The wraith drains your vigour!
You feel as though you will be slow longer.
You hit the wraith.
The wraith is severely damaged.
You hit the wraith but do no damage.
The wraith is severely damaged.
The wraith misses you.
You barely miss the wraith.
The wraith is severely damaged.
The wraith completely misses you.
You hit the wraith but do no damage.
The wraith is severely damaged.
The wraith hits you!
* * * LOW HITPOINT WARNING * * *
You feel better. The wraith hits you.
* * * LOW HITPOINT WARNING * * *
The wraith drains your vigour!
You feel as though you will be slow longer.
You closely miss the wraith.
The wraith is severely damaged.
The wraith hits you.
* * * LOW HITPOINT WARNING * * *
The wraith drains your vigour!
You feel as though you will be slow longer.
It was a potion of haste.
You feel as though your hastened speed will last longer.
The wraith hits you!
You die...

...(.....#
#..(.....#
..(.....#
#.......
#.....
#.(.#
#..(#
#<#W#
###@#
.(......#
....###+#
..


You could see a wraith.

Vanquished Creatures
  A centaur skeleton (D:8)
  2 ice beasts
  3 sky beasts
  A black bear (D:6)
  2 ogres
  4 centaurs
  4 bullfrogs
  6 killer bees
  A scorpion (D:7)
  4 howler monkeys
  3 crimson imps
  2 hounds
  A jelly (D:5)
  An orc priest (D:4)
  3 orc wizards
  An iguana (D:4)
  8 worker ants
  A worker ant zombie (D:5)
  4 adders
  A shadow imp (D:8)
  2 oozes
  An adder skeleton (D:6)
  A worm (D:4)
  4 leopard geckos
  7 orcs
  2 giant cockroaches
  4 goblins (D:1)
  5 hobgoblins
  7 jackals
  2 quokkas
  4 bats
  3 frilled lizards
  6 kobolds
  A leopard gecko skeleton (D:5)
  2 rats
104 creatures vanquished.

Notes
Turn   | Place    | Note
-------+----------+-------------------------------------------
     0 | D:1      | tidbits the High Elf Wanderer began the quest for the Orb.
     0 | D:1      | tidbits set off with: a +2 dagger, a potion of heal wounds, a +0 short sword, a potion of lignification, a +0 robe, a bread ration
     0 | D:1      | Reached XP level 1. HP: 14/14 MP: 2/2
   105 | D:1      | Reached skill level 1 in Dodging
   117 | D:1      | Reached XP level 2. HP: 19/19 MP: 3/3
   166 | D:1      | Reached skill level 2 in Dodging
   523 | D:3      | Reached XP level 3. HP: 25/25 MP: 4/4
   797 | D:4      | Reached skill level 3 in Dodging
   799 | D:4      | Gained mutation: You evolve. [potion of mutation]
   799 | D:4      | Gained mutation: Your mind is acute. (Int +2) [potion of mutation]
   799 | D:4      | Gained mutation: You are agile. (Dex +2) [potion of mutation]
   801 | D:4      | Reached XP level 4. HP: 18/30 MP: 5/5
   808 | D:4      | HP: 3/30 [orc priest/divine providence (15)]
   821 | D:4      | Reached skill level 4 in Dodging
   862 | D:5      | Entered Level 5 of the Dungeon
   912 | D:4      | Reached skill level 5 in Dodging
   912 | D:4      | Reached XP level 5. HP: 12/35 MP: 6/6
   965 | D:4      | Gained mutation: Your natural rate of healing is unusually fast. [evolution]
  1018 | D:4      | Reached skill level 3 in Fighting
  1126 | D:5      | Noticed a sky beast
  1156 | D:4      | Killed a sky beast
  1156 | D:4      | Reached skill level 4 in Fighting
  1156 | D:4      | Reached XP level 6. HP: 36/43 MP: 7/7
  1357 | D:7      | Reached skill level 5 in Fighting
  1424 | D:8      | Reached skill level 6 in Fighting
  1424 | D:8      | Reached XP level 7. HP: 52/52 MP: 8/8
  1456 | D:8      | Reached skill level 1 in Bows
  1539 | D:8      | Reached skill level 3 in Bows
  1578 | D:8      | Reached skill level 6 in Bows
  1679 | D:8      | Reached skill level 7 in Bows
  1679 | D:8      | Reached XP level 8. HP: 57/57 MP: 9/9
  1715 | D:8      | Reached skill level 8 in Bows
  1890 | D:7      | Reached skill level 9 in Bows
  1897 | D:7      | Reached skill level 1 in Long Blades
  1906 | D:7      | Reached skill level 2 in Long Blades
  1928 | D:7      | Found a blossoming altar of Fedhas.
  1939 | D:7      | Reached skill level 3 in Long Blades
  1990 | D:7      | Reached skill level 4 in Long Blades
  2040 | D:7      | Reached skill level 5 in Long Blades
  2073 | D:6      | Found Hirghuroi's Gadget Emporium.
  2188 | D:6      | Found a bloodstained altar of Trog.
  2236 | D:6      | Reached skill level 6 in Long Blades
  2343 | D:5      | Reached XP level 9. HP: 13/62 MP: 10/10
  2360 | D:5      | Reached skill level 7 in Long Blades
  2465 | D:6      | Reached skill level 8 in Long Blades
  2665 | D:5      | Noticed a hand axe
  2666 | D:5      | Noticed a dagger
  2667 | D:5      | Found a hide-covered altar of Uskayaw.
  2712 | D:5      | Found a staircase to the Ecumenical Temple.
  2718 | Temple   | Entered the Ecumenical Temple
  2736 | Temple   | Became a worshipper of Makhleb the Destroyer
  2899 | D:9      | Reached skill level 9 in Long Blades
  2923 | D:10     | Entered Level 10 of the Dungeon
  2953 | D:10     | HP: 3/62 [wraith (13)]
  2956 | D:10     | Slain by a wraith

Skill      XL: |  1  2  3  4  5  6  7  8  9 |
---------------+----------------------------+-----
Dodging        | 1 2 3 5 |  5.0
Fighting       | 4 6 |  6.0
Bows           | 7 9 |  9.1
Long Blades    | 6 9 |  9.1
Short Blades   | |  2.4
Armour         | |  2.6
Stealth        | |  3.2

Action                   |  1- 3 |  4- 6 |  7- 9 || total
-------------------------+-------+-------+-------++-------
Melee: Dagger            |    86 |    98 |   206 ||   390
       Unarmed           |     9 |       |       ||     9
       Long sword        |       |       |    32 ||    32
       Shortbow          |       |       |     1 ||     1
 Fire: Shortbow          |       |       |   184 ||   184
Evoke: Wand              |       |     1 |     6 ||     7
  Use: Potion            |     3 |     1 |     3 ||     7
       Scroll            |     2 |     3 |       ||     5
 Stab: Sleeping          |     1 |     3 |       ||     4
  Eat: Chunk             |       |     1 |     5 ||     6
       Pizza             |       |     1 |       ||     1
Armor: Skin              |     5 |       |       ||     5
       Robe              |     5 |       |       ||     5
       Leather armour    |    13 |    16 |    59 ||    88
Dodge: Dodged            |    48 |    46 |   202 ||   296
       Rpst.: Long sword |       |       |     9 ||     9

Table legend:
 A = Turns spent in this place as a percentage of turns spent in the entire game.
 B = Non-inter-level travel turns spent in this place as a percentage of non-inter-level travel turns spent in the entire game.
 C = Inter-level travel turns spent in this place as a percentage of turns spent in this place.
 D = Turns resting spent in this place as a percentage of non-inter-level travel turns spent in this place.
 E = Turns spent auto-exploring this place as a percentage of non-inter-level travel turns spent in this place.
 F = Non-inter-level travel turns spent in this place divided by the number of levels of this place that you've seen.
                   A       B       C       D       E      F
               +-------+-------+-------+-------+-------+----------------------
         Total | 100.0 | 100.0 |   0.2 |   0.0 |   0.0 | 240.9
       Dungeon |  98.7 |  98.7 |   0.2 |   0.0 |   0.0 | 261.5
        Temple |   1.3 |   1.3 |   0.0 |   0.0 |   0.0 |  35.0
               +-------+-------+-------+-------+-------+----------------------

Table legend:
 A = Kills in this place as a percentage of kills in entire the game.
 B = Kills by you in this place as a percentage of kills by you in the entire game.
 C = Kills by friends in this place as a percentage of kills by friends in the entire game.
 D = Other kills in this place as a percentage of other kills in the entire game.
 E = Experience gained in this place as a percentage of experience gained in the entire game.
 F = Experience gained in this place divided by the number of levels of this place that you have seen.
                   A       B       C       D       E      F
               +-------+-------+-------+-------+-------+----------------------
         Total | 100.0 | 100.0 |  -nan |  -nan | 100.0 | 346.1
       Dungeon | 100.0 | 100.0 |  -nan |  -nan | 100.0 | 380.7
               +-------+-------+-------+-------+-------+----------------------

Vault maps used:
D:1:      sevenhm_arrival_forest_fort_small_4
D:2:      nicolae_gozag_seed_capital, lemuel_round_altar, serial_forest,
          infiniplex_forest_end_2, infiniplex_forest_lined_2,
          infiniplex_forest_lined_corner, infiniplex_forest_end_2,
          infiniplex_forest_end_1, infiniplex_forest_lined_4_way,
          trog_hazing_becter
D:3:      first_bread
D:5:      dancing_weapons_uskayaw, minmay_temple_entry_fiery, st_stairs_9,
          corexii_shack
D:6:      serial_shops, shop, zaba_anthole, trog_book
D:7:      chequers_temple_overflow_minitemple, old_standard_altar
D:8:      hangedman_ranch, uniq_maurice
D:10:     uniq_erolcha
Temple:   eino_temple_lava
